 Dungeon Crawl Stone Soup version 0.28-a0-1493-g08698888e4 (webtiles) character file.

Game seed: 410229019029083712

172 fragbeetle the Skirmisher (level 5, -1/44 HPs)
             Began as a Palentonga Abyssal Knight on Jan 12, 2022.
             Was a Believer of Lugonu.
             Succumbed to a scorpion's poison
             ... on level 4 of the Dungeon.
             The game lasted 00:08:28 (3681 turns).

fragbeetle the Skirmisher (PaAK)                    Turns: 3681, Time: 00:08:28

Health: -1/44      AC:  6    Str: 19    XL:     5   Next: 27%
Magic:  7/7        EV:  8    Int: 10    God:    Lugonu [**....]
Gold:   89         SH:  0    Dex: 10    Spells: 4/4 levels left

rFire   . . .      SeeInvis +   m - +2 short sword (chaos)
rCold   . . .      Faith    .   (no shield)
rNeg    . . .      Spirit   .   j - +0 ring mail
rPois   .          Reflect  .   (no helmet)
rElec   .          Harm     .   (no cloak)
rCorr   .          Rampage  .   (no gloves)
Will    +....                   (no barding)
Stlth   ..........              (no amulet)
HPRegen 0.14/turn               r - ring of willpower
MPRegen 0.10/turn               (no ring)

@: lethally poisoned (-1 -> -9)
A: large, rugged brown scales 3, see invisible, deformed body, roll 1, armoured
tail
a: Rolling Charge, Renounce Religion, Depart the Abyss, Bend Space


You were on level 4 of the Dungeon.
You worshipped Lugonu.
Lugonu was pleased with you.
You visited 1 branch of the dungeon, and saw 4 of its levels.
You visited the Abyss 1 time.

You collected 117 gold pieces.
You spent 28 gold pieces at shops.

Inventory:

Hand Weapons
 a - a +1 falchion
 e - a +0 short sword
 m - a +2 short sword of chaos (weapon)
Missiles
 c - 32 arrows
 d - 89 stones
 h - 18 poisoned darts (quivered)
Armour
 b - a +0 leather armour
 f - a +0 chain mail
 j - a +0 ring mail (worn)
Jewellery
 r - a ring of willpower (left hand)
Scrolls
 g - a scroll of identify
 k - a scroll of enchant weapon
 o - a scroll of fog {unknown}
 p - a scroll of enchant armour {unknown}
 q - a scroll of teleportation
Potions
 i - a potion of resistance {unknown}
 l - a potion of curing {unknown}
 n - 2 potions of brilliance
 s - a potion of degeneration {unknown}


   Skills:
 + Level 3.7 Fighting
 * Level 3.6 Long Blades
 + Level 2.4 Armour
 - Level 1.0 Dodging
 + Level 3.1 Invocations


You had 4 spell levels left.
You didn't know any spells.
Your spell library contained the following spells:

 Spells                   Type           Power      Damage    Failure   Level
 Animate Skeleton         Necr           0%         N/A       54%         1
 Apportation              Tloc           0%         N/A       54%         1
 Summon Small Mammal      Summ           0%         N/A       54%         1


Dungeon Overview and Level Annotations

Branches:
Dungeon (4/15)
 Temple: D:4-7

Altars:
Cheibriados
Elyvilon
Qazlal
Ru
Xom
Yredelemnul
Zin

Shops:
D:4 *

Annotations:
D:4 Sigmund


Innate Abilities, Weirdness & Mutations

You are completely covered in rugged brown scales. (AC +3, +7% HP)
You have supernaturally acute eyesight. (SInv)
Armour fits poorly on your strangely shaped body.
You can roll at nearby foes to attack.
You have a long armoured tail.


Message History

a +0 dagger; a kobold corpse The goblin throws a stone.
The stone hits you but does no damage.
You hit the scorpion. You freeze the scorpion.
Your tail-slap misses the scorpion.
The scorpion is moderately wounded.
The scorpion stings you!
You are poisoned.
The scorpion poisons you! The scorpion completely misses you.
You closely miss the scorpion.
Your tail-slap misses the scorpion.
The scorpion is moderately wounded.
You feel very sick. The scorpion stings you.
You are more poisoned.
The scorpion poisons you!
You barely miss the scorpion.
The scorpion is moderately wounded.
You feel very sick. The scorpion closely misses you.
You barely miss the scorpion.
You tail-slap the scorpion, but do no damage.
The scorpion is moderately wounded.
You feel very sick. The scorpion stings you.
* * * LOW HITPOINT WARNING * * *
You closely miss the scorpion.
The scorpion is moderately wounded.
* * * LOW HITPOINT WARNING * * *
You feel very sick. The scorpion completely misses you.
You hit the scorpion. You freeze the scorpion.
The scorpion is heavily wounded.
* * * LOW HITPOINT WARNING * * *
You feel sick.
The scorpion stings you but does no damage.
The scorpion stings you.
* * * LOW HITPOINT WARNING * * *
Unknown command.
You closely miss the scorpion.
The scorpion is heavily wounded.
You die...

..........#
#........# .#
..........#
#........##.#
..........#
#...........#
..@.......#
#.........###
...g......#
#.........#
(........#
#.........#
.........#
#########.#
.........#
#.......#
.........#
#@#######
........)######s#
..............g.#
.........########
.........#
##########


You could see a scorpion and a goblin.

Vanquished Creatures
  An orc priest (D:4)
  An iguana (D:4)
  An orc wizard (D:3)
  2 adders (D:3)
  An adder skeleton (D:4)
  A worm (D:2)
  8 orcs
  5 bats
  3 endoplasms
  4 giant cockroaches
  2 goblins (D:3)
  7 hobgoblins
  2 jackals (D:1)
  2 quokkas
  3 ball pythons
  5 frilled lizards
  9 kobolds
  4 rats
  A spectral orc (D:3)
62 creatures vanquished.

Vanquished Creatures (others)
  A plant (D:3)
1 creature vanquished.

Grand Total: 63 creatures vanquished

Notes
Turn   | Place    | Note
-------+----------+-------------------------------------------
     0 | Abyss:1  | fragbeetle the Palentonga Abyssal Knight began the quest
                  | for the Orb.
     0 | Abyss:1  | Reached XP level 1. HP: 19/19 MP: 2/2
    61 | Abyss:1  | Noticed an iron imp
   101 | Abyss:1  | Noticed a small abomination
   105 | D:1      | Escaped the Abyss
   360 | D:1      | Reached * piety under Lugonu
   361 | D:1      | Reached skill level 1 in Dodging
   517 | D:1      | Reached XP level 2. HP: 18/25 MP: 3/3
   632 | D:1      | Found a faded altar of an unknown god.
  1545 | D:2      | Reached XP level 3. HP: 29/31 MP: 4/4
  1752 | D:3      | Reached XP level 4. HP: 25/37 MP: 4/6
  2007 | D:3      | HP: 1/37 [poisoned by an adder]
  2249 | D:3      | Found a large runed translucent door.
  2255 | D:3      | Found a large runed translucent door.
  2255 | D:3      | Found a shimmering altar of Xom.
  2381 | D:3      | Found a snail-covered altar of Cheibriados.
  2382 | D:3      | Found a glowing silver altar of Zin.
  2384 | D:3      | Found a stormy altar of Qazlal.
  2385 | D:3      | Found a white marble altar of Elyvilon.
  2409 | D:3      | Reached ** piety under Lugonu
  2650 | D:3      | Found a basalt altar of Yredelemnul.
  2682 | D:3      | Found a sacrificial altar of Ru.
  3166 | D:4      | Reached XP level 5. HP: 13/44 MP: 7/7
  3590 | D:4      | Found Qiphuh's General Store.
  3613 | D:4      | Bought a scroll of identify for 28 gold pieces
  3663 | D:4      | Noticed Sigmund
  3680 | D:4      | HP: 1/44 [scorpion (6)]
  3681 | D:4      | Succumbed to a scorpion's poison

Illustrated notes

Levels and vault maps discovered:
D:1:      dpeg_arrival_tiny_d, layout_rooms, basic_ecumenical_altar
D:2:      layout_basic
D:3:      due_chaos_kobolds, layout_basic, mainiacjoe_overflow_alcove_3,
          nicolae_ru_path_of_blood, yredelemnul_forgotten_temple_becter
D:4:      layout_basic, serial_shops, shop, uniq_sigmund,
          uniq_crazy_yiuf_cottage

Skill      XL: |  1  2  3  4 |
---------------+-------------+-----
Dodging        | 1 |  1.0
Armour         | 2 |  2.4
Long Blades    | 3 |  3.6
Invocations    | 3 |  3.1
Fighting       | |  3.7

Action                   |  1- 3 |  4- 6 || total
-------------------------+-------+-------++-------
Melee: Falchion          |    95 |    80 ||   175
       Tailslap          |     9 |     9 ||    18
       Punch             |     2 |     1 ||     3
       Short sword       |       |    15 ||    15
Invok: Depart the Abyss  |     1 |       ||     1
 Abil: Rolling Charge    |     1 |       ||     1
  Use: Potion            |       |     2 ||     2
       Scroll            |       |     3 ||     3
Armor: Leather armour    |    11 |       ||    11
       Ring mail         |    61 |    34 ||    95
Dodge: Dodged            |    58 |    38 ||    96

Table legend: (Time is in decaauts)
 A = Elapsed time spent in this place.
 B = Non-inter-level travel time spent in this place.
 C = Inter-level travel time spent in this place.
 D = Time resting spent in this place.
 E = Time spent auto-exploring this place.
 F = Levels seen in this place.
 G = Mean time per level.
                   A        B        C        D        E       F      G
               +--------+--------+--------+--------+--------+-----+--------+
         Total |   3709 |   3678 |     31 |    989 |   1542 |   5 |  741.8 |
       Dungeon |   3604 |   3573 |     31 |    989 |   1494 |   4 |  901.0 |
         Abyss |    105 |    105 |      0 |      0 |     48 |   1 |  105.0 |
               +--------+--------+--------+--------+--------+-----+--------+

Top non-repeatable levels by time:
     D:3: 1388 daAuts
     D:1: 955 daAuts
     D:2: 721 daAuts
     D:4: 538 daAuts
 Abyss:1: 105 daAuts
